 Dungeon Crawl Stone Soup version 0.28.0-43-g3370ac3207 (webtiles) character file.

Game seed: 17550061355189933379

5661 ZappyNine the Grappler (level 10, -8/100 HPs)
             Began as a Troll Cinder Acolyte on Mar 14, 2022.
             Was a High Priest of Ignis.
             Mangled by a white ugly thing (12 damage)
             ... on level 7 of the Dungeon.
             The game lasted 00:12:07 (6170 turns).

ZappyNine the Grappler (Troll Cinder Acolyte)       Turns: 6170, Time: 00:12:07

Health: -8/100     AC:  6    Str: 30    XL:     10   Next: 47%
Magic:  10/10      EV: 10    Int: 10    God:    Ignis [*****.]
Gold:   487        SH:  0    Dex:  9    Spells: 11/11 levels left

rFire   + . .      SeeInvis .     - Unarmed
rCold   . . .      Faith    .   (no shield)
rNeg    . . .      Spirit   .   i - +0 troll leather armour
rPois   .          Reflect  .   (helmet restricted)
rElec   .          Harm     .   (no cloak)
rCorr   .          Rampage  .   (gloves unavailable)
Will    +....                   (boots unavailable)
Stlth   +++.......              t - amulet of the acrobat
HPRegen 1.06/turn               h - +6 ring of strength
MPRegen 0.12/turn               k - ring of willpower

@: about to teleport
A: large, unfitting armour, claws 3, regeneration 1, shaggy fur 1, tough skin 1
a: Renounce Religion, Fiery Armour, Foxfire Swarm, Rising Flame


You were on level 7 of the Dungeon.
You worshipped Ignis.
Ignis was extremely pleased with you.
You visited 2 branches of the dungeon, and saw 8 of its levels.
You also visited: Sewer and Ossuary.

You collected 487 gold pieces.

Inventory:

Armour
 a - a +1 robe
 i - a +0 troll leather armour (worn)
Jewellery
 h - a +6 ring of strength (left claw)
 k - a ring of willpower (right claw)
 o - a ring of see invisible
 p - the ring "Rathic" {rElec Will- MP+9 Int+6 Stlth+}
   (You found it on level 6 of the Dungeon)

   [ring of magical power]

   Int:       It affects your intelligence (+6).
   rElec:     It insulates you from electricity.
   MP:        It affects your magic capacity (+9).
   Will:      It decreases your willpower.
   Stlth:     It makes you more stealthy.
 t - an amulet of the acrobat (around neck)
 y - a +6 ring of intelligence
Wands
 q - a wand of mindburst (16)
Scrolls
 e - 3 scrolls of teleportation
 f - a scroll of fog
 g - 2 scrolls of enchant armour
 m - 6 scrolls of identify
 r - a scroll of holy word
 s - a scroll of noise
 z - a scroll of amnesia
 A - a scroll of brand weapon {unknown}
 C - a scroll of blinking
Potions
 b - 2 potions of brilliance
 c - 6 potions of curing
 d - a potion of flight
 j - 2 potions of mutation {unknown}
 l - 2 potions of ambrosia {unknown}
 n - 3 potions of heal wounds {unknown}
 u - a potion of cancellation {unknown}
 v - 2 potions of berserk rage {unknown}
 w - 2 potions of invisibility {unknown}
 x - a potion of degeneration {unknown}
 B - a potion of might {unknown}
 D - a potion of haste {unknown}


   Skills:
 + Level 6.4 Fighting
 + Level 5.7 Dodging
 - Level 6.0 Stealth
 * Level 8.2 Unarmed Combat
 - Level 1.0 Spellcasting
 - Level 2.1 Fire Magic


You had 11 spell levels left.
You didn't know any spells.
Your spell library contained the following spells:

 Spells                   Type           Power      Damage    Failure   Level
 Scorch                   Fire           8%         2d5       24%         2
 Animate Skeleton         Necr           0%         N/A       36%         1
 Pain                     Necr           0%         1d4       36%         1
 Shock                    Conj/Air       0%         1d3       36%         1
 Summon Small Mammal      Summ           0%         N/A       36%         1
 Blink                    Tloc           0%         N/A       50%         2
 Call Canine Familiar     Summ           0%         N/A       75%         3
 Portal Projectile        Hex/Tloc       0%         N/A       75%         3
 Summon Guardian Golem    Hex/Summ       0%         N/A       75%         3
 Swiftness                Air            0%         N/A       75%         3
 Vampiric Draining        Necr           0%         2d6       75%         3
 Airstrike                Air            0%         N/A       98%         4
 Leda's Liquefaction      Hex/Erth       0%         N/A       98%         4
 Freezing Cloud           Conj/Ice/Air   0%         6-21      100%        5
 Manifold Assault         Tloc           0%         N/A       100%        5
 Simulacrum               Ice/Necr       0%         N/A       100%        6
 Storm Form               Tmut/Air       0%         N/A       100%        7
 Polar Vortex             Ice            0%         N/A       100%        9


Dungeon Overview and Level Annotations

Branches:
Dungeon (7/15)             Temple (1/1) D:5           Sewer (visited)
Ossuary (visited)

Altars:
Ashenzari
Cheibriados
Dithmenos
Elyvilon
Fedhas
Gozag
Hepliaklqana
Kikubaaqudgha
Makhleb
Nemelex Xobeh
Okawaru
Qazlal
Ru
Sif Muna
Trog
Uskayaw
Vehumet
Wu Jian
Xom
Yredelemnul
Zin
The Shining One

Shops:
D:3 [


Innate Abilities, Weirdness & Mutations

You are too large for most types of armour.
You have claws for hands.
Your natural rate of healing is unusually fast.
You are covered in fur. (AC +1)
You have tough skin. (AC +1)


Message History

The centaur kicks you but does no damage.
The centaur wields a +0 shortbow.
The centaur shoots an arrow.
The arrow hits you.
Items here: ) [ ††.
The centaur shoots an arrow.
The arrow completely misses you.
Things that are here:
a +0 giant spiked club; a +0 giant spiked club The white ugly thing stings you.
The white ugly thing freezes you!
Things that are here:
a +0 giant spiked club; a +0 giant spiked club You scratch the white ugly thing.
The white ugly thing is lightly wounded.
The white ugly thing stings you! The white ugly thing freezes you!!
* * * LOW HITPOINT WARNING * * *
You scratch the white ugly thing.
The white ugly thing is lightly wounded.
The white ugly thing stings you but does no damage.
You closely miss the white ugly thing. You claw the white ugly thing!
The white ugly thing is lightly wounded.
The white ugly thing stings you but does no damage.
Unknown command.
You scratch the white ugly thing.
The white ugly thing is moderately wounded.
Unknown command.
The white ugly thing stings you but does no damage.
Things that are here:
a +0 scimitar; a +0 robe The centaur shoots an arrow.
The arrow closely misses you.
The centaur shoots an arrow.
The arrow misses you. The white ugly thing stings you!
* * * LOW HITPOINT WARNING * * *
The white ugly thing freezes you!
* * * LOW HITPOINT WARNING * * *
The centaur shoots an arrow.
The arrow hits you.
* * * LOW HITPOINT WARNING * * *
The centaur shoots an arrow.
The arrow misses you.
Okay, then.
As you read the scroll of teleportation, it crumbles to dust.
You feel strangely unstable. The white ugly thing stings you!
You die...

#.c# ############.##
.............#
...........Z##
...###.###c.##
##.....##..##
##..)....##..####### .
##......#####u#.........#
#.
#...)####.._#@#.#.#.#.#.#
#.#..###......#...........#
#......#...8.....#.#.#.#.#
#.#..###._#.⌠.#...........#
#.
#....#####.##...#.#.#.#.# .
##......#####.....†.....#
##......[##....#.#.#.#.#
#.....##..#..........# #
###.###..##...###...##


You could see a white ugly thing, a centaur and a howler monkey skeleton.

Vanquished Creatures
  2 two-headed ogres (D:7)
  A cyclops (D:7)
  2 trolls (D:7)
  A wraith (D:7)
  Menkaure (D:4)
  Edmund (D:5)
  An acid dragon (D:7)
  An orc warrior (D:6)
  Pargi (Sewer)
  2 ice beasts (D:7)
  3 black bears
  3 ogres
  4 centaurs
  5 bullfrogs (D:7)
  5 scorpions
  A wyvern zombie (D:7)
  2 gnoll sergeants
  A water moccasin skeleton (D:4)
  2 wights (D:7)
  A howler monkey (D:7)
  3 bullfrog zombies
  2 bullfrog skeletons (D:6)
  3 hounds (D:5)
  2 jellies
  2 centaur zombies
  2 orc priests (D:6)
  9 orc wizards
  A mummy (Ossuary)
  Robin (D:4)
  4 gnolls
  9 adders
  2 shadow imps (D:7)
  2 white imps
  An ufetubus (D:5)
  An adder skeleton (D:4)
  2 worms
  3 dart slugs
  22 orcs
  6 spectral bats (Ossuary)
  7 endoplasms
  3 giant cockroaches
  8 goblins
  11 hobgoblins
  13 jackals
  7 kobolds
  4 quokkas
  7 ball pythons
  7 bats
  6 bat simulacra (Ossuary)
  5 frilled lizards
  12 gnoll zombies (Ossuary)
  3 goblin simulacra (Ossuary)
  3 goblin zombies (Ossuary)
  6 hobgoblin zombies (Ossuary)
  3 kobold simulacra (Ossuary)
  6 kobold zombies (Ossuary)
  3 orc zombies (Ossuary)
  7 rats
  2 rat simulacra (Ossuary)
  5 spectral goblins (Ossuary)
  2 spectral kobolds (Ossuary)
247 creatures vanquished.

Vanquished Creatures (others)
  12 plants (D:5)
12 creatures vanquished.

Grand Total: 259 creatures vanquished

Notes
Turn   | Place    | Note
-------+----------+-------------------------------------------
     0 | D:1      | ZappyNine the Troll Cinder Acolyte began the quest for the
                  | Orb.
     0 | D:1      | Reached XP level 1. HP: 22/22 MP: 1/1
   439 | D:1      | Found a faded altar of an unknown god.
   460 | D:1      | Reached XP level 2. HP: 29/29 MP: 2/2
   742 | D:2      | Found a white marble altar of Elyvilon.
   752 | D:2      | Reached skill level 1 in Dodging
   854 | D:2      | Reached XP level 3. HP: 36/36 MP: 3/3
  1046 | D:3      | Found Cuczamics's Antique Armour Shoppe.
  1265 | D:3      | Reached XP level 4. HP: 35/45 MP: 4/4
  1272 | D:3      | Reached skill level 4 in Unarmed Combat
  1413 | D:3      | Found a glowing drain.
  1423 | Sewer    | Entered a sewer
  1461 | Sewer    | Noticed Pargi
  1472 | Sewer    | Killed Pargi
  1473 | Sewer    | Reached XP level 5. HP: 20/54 MP: 5/5
  2065 | D:4      | Reached XP level 6. HP: 57/62 MP: 6/6
  2243 | D:4      | Reached skill level 5 in Unarmed Combat
  2405 | D:4      | Noticed Menkaure
  2413 | D:4      | Killed Menkaure
  2414 | D:4      | Reached XP level 7. HP: 27/71 MP: 7/7
  2466 | D:4      | Found a sand-covered staircase.
  2471 | Ossuary  | Entered an ossuary
  2888 | D:4      | Noticed Robin
  2912 | D:4      | Killed Robin
  3207 | D:5      | Entered Level 5 of the Dungeon
  3231 | D:5      | Reached skill level 5 in Fighting
  3342 | D:5      | Reached skill level 6 in Unarmed Combat
  3377 | D:5      | Reached XP level 8. HP: 25/80 MP: 8/8
  3426 | D:5      | Found a staircase to the Ecumenical Temple.
  3506 | Temple   | Entered the Ecumenical Temple
  3892 | D:5      | Noticed Edmund
  3905 | D:5      | Killed Edmund
  3972 | D:5      | Reached skill level 5 in Dodging
  4083 | D:5      | Found a hide-covered altar of Uskayaw.
  4290 | D:5      | Reached skill level 7 in Unarmed Combat
  4421 | D:6      | Identified the ring "Rathic" {rElec Will- MP+9 Int+6
                  | Stlth+}
  4531 | D:6      | Reached skill level 1 in Stealth
  4760 | D:6      | Reached XP level 9. HP: 65/89 MP: 9/9
  5445 | D:7      | Noticed a two-headed ogre
  5458 | D:7      | Killed a two-headed ogre
  5472 | D:7      | Reached skill level 5 in Stealth
  5602 | D:7      | Noticed a cyclops
  5632 | D:7      | Killed a cyclops
  5659 | D:7      | Noticed a troll
  5720 | D:7      | Identified the +3 war axe of Indomitability {spect, rPois
                  | Str-4 Dex+4 Stlth+}
  5724 | D:7      | Reached XP level 10. HP: 98/98 MP: 10/10
  5875 | D:7      | Found a burning altar of Makhleb.
  5876 | D:7      | Found a glowing silver altar of Zin.
  5876 | D:7      | Found a shimmering blue altar of Sif Muna.
  5876 | D:7      | Found an iron altar of Okawaru.
  5976 | D:7      | Found a white marble altar of Elyvilon.
  5988 | D:7      | Found a sacrificial altar of Ru.
  6087 | D:7      | Noticed a two-headed ogre
  6095 | D:7      | Killed a two-headed ogre
  6096 | D:7      | Reached skill level 8 in Unarmed Combat
  6113 | D:7      | Noticed a white ugly thing
  6169 | D:7      | HP: 3/100 [centaur/arrow (5)]
  6170 | D:7      | Mangled by a white ugly thing

Illustrated notes

Levels and vault maps discovered:
D:1:      dpeg_arrival_shelter, layout_loops_cross,
          shapermc_ecumenical_altar_mp_highgroup, minmay_strange_pillars
D:2:      layout_basic, basic_altar
D:3:      layout_basic, serial_shops, shop, cheibrodos_sewer_entry_drain,
          chequers_serial_rivers_micro_b
D:4:      layout_cave_pools, nicolae_ossuary_entry_plus, uniq_menkaure,
          uniq_robin
D:5:      layout_cave_pools, nicolae_uskayaw_suspiria, temple_statues,
          nicolae_grassy_gnolls, uniq_edmund
D:6:      layout_cave_pods, serial_park_tiny_1
D:7:      minmay_the_grid_octo_2x2 [minmay_the_grid_octo_clover_2,
          minmay_the_grid_octo_shrine, minmay_the_grid_octo_vomiting_pacman,
          minmay_the_grid_octo_prize_star], layout_loops_ring,
          serial_co_window_serial, co_window_paths_b, co_window_corner_a,
          co_window_paths_a, co_window_paths_a, co_window_paths_b,
          co_window_broadway_c, co_window_unsneaky_path_e, co_window_corner_ca,
          co_window_unsneaky_path_d, co_window_corner_cb,
          co_window_of_opportunity_c, glass_columns_c, glass_columns_a,
          glass_columns_c, glass_columns_a, hangedman_minor_gate_pass
Temple:   mainiacjoe_temple_archimedes_tessellation

Skill      XL: |  1  2  3  4  5  6  7  8  9 10 |
---------------+-------------------------------+-----
Dodging        | 1 2 3 4 5 |  5.7
Fighting       | 3 4 5 6 |  6.4
Unarmed Combat | 4 5 6 7 8 |  8.2
Stealth        | 2 5 6 |  6.0
Spellcasting   | |  1.0
Fire Magic     | |  2.1

Action                   |  1- 3 |  4- 6 |  7- 9 | 10-12 || total
-------------------------+-------+-------+-------+-------++-------
Melee: Unarmed           |   101 |   160 |   384 |    69 ||   714
       Punch             |     1 |     2 |    13 |     6 ||    22
  Use: Potion            |       |     1 |     3 |       ||     4
       Scroll            |       |       |    10 |     1 ||    11
 Stab: Distracted        |       |       |     1 |       ||     1
Armor: Robe              |    48 |    49 |   103 |    12 ||   212
       Skin              |       |       |    13 |       ||    13
       Troll leather arm |       |       |       |     5 ||     5
Dodge: Dodged            |    39 |    68 |   190 |    58 ||   355
